 Dungeon Crawl Stone Soup version 0.28-a0-8-g6e044cfa68 (webtiles) character file.

Game seed: 11263746786968486397

44 skittles the Ruffian (level 3, -2/28 HPs)
             Began as a Draconian Transmuter on July 25, 2021.
             Slain by Sigmund (9 damage)
             ... on level 2 of the Dungeon.
             The game lasted 00:04:36 (1029 turns).

skittles the Ruffian (Draconian Transmuter)         Turns: 1029, Time: 00:04:36

Health: -2/28      AC:  5    Str: 12    XL:     3   Next: 39%
Magic:  6/6        EV: 12    Int: 14    God:
Gold:   51         SH:  5    Dex: 11    Spells: 0/6 levels left

rFire   . . .      SeeInvis .     - Unarmed
rCold   . . .      Faith    .   (no shield)
rNeg    . . .      Spirit   .   (armour unavailable)
rPois   .          Reflect  +   (helmet currently unavailable)
rElec   .          Harm     .   (no cloak)
rCorr   .          Rampage  .   (no gloves)
Will    .....                   (boots currently unavailable)
Stlth   +.........              a - amulet of reflection
HPRegen 0.09/turn               (no ring)
MPRegen 0.10/turn               (no ring)

@: appendages (expiring), on berserk cooldown, slowed, very slow
A: horns 2, talons 2, AC +5, unfitting armour, cold-blooded
a: End Transformation


You were on level 2 of the Dungeon.
You had temporarily grown beastly horns and talons.
You visited 1 branch of the dungeon, and saw 2 of its levels.

You collected 51 gold pieces.

Inventory:

Hand Weapons
 c - a +0 whip of pain
Armour
 b - a scarf of shadows
Jewellery
 a - an amulet of reflection (around neck)
Potions
 d - 2 potions of curing


   Skills:
 - Level 1.1 Fighting
 - Level 1.7 Dodging
 - Level 3.6 Unarmed Combat
 - Level 2.0 Spellcasting
 - Level 2.8 Transmutations
 * Level 1.2 Poison Magic


You couldn't memorise any spells.
You knew the following spells:

 Your Spells              Type           Power      Damage    Failure   Level
a - Beastly Appendage     Tmut           18%        N/A       8%          1
b - Wereblood             Tmut           9%         N/A       11%         2
c - Spider Form           Tmut/Pois      3%         N/A       30%         3

Your spell library contained the following spells:

 Spells                   Type           Power      Damage    Failure   Level
 Ignite Poison            Fire/Tmut/Pois 5%         N/A       38%         3
 Mephitic Cloud           Conj/Pois/Air  2%         N/A       52%         3
 Ice Form                 Ice/Tmut       5%         N/A       78%         4
 Bolt of Magma            Conj/Fire/Erth 0%         4d4       100%        5


Dungeon Overview and Level Annotations

Branches:
Dungeon (2/15)

Altars:

Annotations:
D:2 Sigmund


Innate Abilities, Weirdness & Mutations

You have temporarily grown beastly horns and talons.
Your plain brown scales are hard. (AC +5)
You cannot fit into any form of body armour.
You are cold-blooded and may be slowed by cold attacks.


Message History

You climb downwards.
Level annotation: Sigmund
There is a stone staircase leading up here.
Casting: Beastly Appendage (safe; 8% risk of failure)
Confirm with . or Enter, or press ? or * to list all spells.
You grow a pair of large bovine horns.
Your feet morph into talons.
An endoplasm comes into view.
Sigmund gestures at you while chanting.
You are confused.
You bump into the rock wall.
Unknown command.
Drop what? 5/52 slots (_ for help) (? for menu, Esc to quit)
Okay, then.
A red film seems to cover your vision as you go berserk!
You feel yourself moving faster!
You feel mighty! Sigmund barely misses you.
You feel a strong urge to attack something.
Sigmund hits you from afar with a +0 scythe.
There is a stone staircase leading up here.
You feel your anger nearly subside.
The endoplasm jiggles.
You're too confused to move!
You are no longer berserk.
You are exhausted.
You feel yourself slow down.
Sigmund flickers, as though insubstantial.
Sigmund hits you from afar with a +0 scythe!
The endoplasm misses you.
Sigmund points at you and mumbles some strange words.
The magic dart hits you.
* * * LOW HITPOINT WARNING * * *
The endoplasm hits you but does no damage.
Your transformation is almost over.
You feel less confused. Sigmund closely misses you.
Sigmund casts a spell.
Sigmund flickers and vanishes!
Deactivating autopickup; reactivate with Ctrl-A.
You punch the endoplasm!
You kill the endoplasm!
Something hits you!
You die...

.....$+ ...
###.....###.#.#
..<#.........#
##.#......##....
...............
#.........
####.#....###.#
.........{#<#
.###.#.....@#
#.#....#.# !
#....#.# #
########


There were no monsters in sight!

Vanquished Creatures
  A gnoll (D:1)
  A dart slug (D:1)
  3 bats (D:1)
  4 endoplasms
  A giant cockroach (D:1)
  4 goblins (D:1)
  4 hobgoblins (D:1)
  2 jackals (D:1)
  2 kobolds (D:1)
  3 ball pythons (D:1)
  4 frilled lizards (D:1)
  A rat (D:1)
30 creatures vanquished.

Vanquished Creatures (others)
  4 toadstools (D:1)
4 creatures vanquished.

Grand Total: 34 creatures vanquished

Notes
Turn   | Place    | Note
-------+----------+-------------------------------------------
     0 | D:1      | skittles the Draconian Transmuter began the quest for the
                  | Orb.
     0 | D:1      | Reached XP level 1. HP: 16/16 MP: 3/3
   287 | D:1      | Reached XP level 2. HP: 23/23 MP: 1/5
   305 | D:1      | Learned a level 2 spell: Wereblood
   626 | D:1      | Reached XP level 3. HP: 28/28 MP: 4/6
   643 | D:1      | Learned a level 3 spell: Spider Form
   853 | D:1      | Reached skill level 1 in Poison Magic
   982 | D:2      | Noticed Sigmund
  1029 | D:2      | Slain by Sigmund

Illustrated notes

Levels and vault maps discovered:
D:1:      ldierk_walled_garden_2, layout_basic, serial_park_tiny_pond
D:2:      layout_basic, hellmonk_ecumenical_altar_watching_god,
          kennysheep_generic_room_7, uniq_terence, uniq_sigmund

Skill      XL: |  1  2  3 |
---------------+----------+-----
Poison Magic   | 1 |  1.2
Fighting       | |  1.1
Dodging        | |  1.7
Unarmed Combat | |  3.6
Spellcasting   | |  2.0
Transmutations | |  2.8

Action                   || total
-------------------------++-------
Melee: Unarmed           ||    79
       Tailslap          ||    11
       Kick              ||    14
       Headbutt          ||     7
 Cast: Beastly Appendage ||    17
       Wereblood         ||     4
  Use: Scroll            ||     4
       Potion            ||     1
Armor: Skin              ||    25
Dodge: Dodged            ||    60
Block: Other             ||    33
       Reflection        ||     2

Table legend: (Time is in decaauts)
 A = Elapsed time spent in this place.
 B = Non-inter-level travel time spent in this place.
 C = Inter-level travel time spent in this place.
 D = Time resting spent in this place.
 E = Time spent auto-exploring this place.
 F = Levels seen in this place.
 G = Mean time per level.
                   A        B        C        D        E       F      G
               +--------+--------+--------+--------+--------+-----+--------+
         Total |   1029 |   1029 |      0 |    124 |    576 |   2 |  514.5 |
       Dungeon |   1029 |   1029 |      0 |    124 |    576 |   2 |  514.5 |
               +--------+--------+--------+--------+--------+-----+--------+

Top non-repeatable levels by time:
     D:1: 999 daAuts
     D:2: 29 daAuts
